 Dungeon Crawl Stone Soup version 0.22.1-1-ga44c0e5 (webtiles) character file.

2825 funkygono the Carver (level 9, -3/79 HPs)
             Began as a Minotaur Fighter on Sept 9, 2018.
             Was an Initiate of Yredelemnul.
             Slain by a hippogriff (9 damage)
             ... on level 8 of the Dungeon on Oct 7, 2018.
             The game lasted 00:19:35 (7032 turns).

funkygono the Carver (Minotaur Fighter)             Turns: 7032, Time: 00:19:36

Health: -3/79      AC:  0    Str: 21    XL:     9   Next: 45%
Magic:  8/8        EV: 11    Int:  5    God:    Yredelemnul [......]
Gold:   528        SH:  0    Dex: 13    Spells: 8/8 levels left

rFire    . . .     SeeInvis .   (no weapon)
rCold    . . .     Gourm    .   (no shield)
rNeg     . . .     Faith    .   (no armour)
rPois    .         Spirit   .   (helmet restricted)
rElec    .         Reflect  .   (no cloak)
rCorr    .         Harm     .   (no gloves)
MR       .....     Rnd*Tele +   (no boots)
Stlth    +.........             v - amulet of rage
HPRegen  0.23/turn              s - ring of teleportation (curse)
MPRegen  0.11/turn              w - ring of wizardry

@: lethally poisoned (-3 -> -14)
A: retaliatory headbutt, horns 2
a: Renounce Religion, Evoke Berserk Rage


You were on level 8 of the Dungeon.
You worshipped Yredelemnul.
Yredelemnul was noncommittal.
You were not hungry.

You visited 2 branches of the dungeon, and saw 9 of its levels.
You also visited: Sewer.

You collected 528 gold pieces.

Inventory:

Hand Weapons
 a - a +1 long sword
Missiles
 e - 39 bolts
 z - 18 stones (quivered)
Armour
 b - a +0 scale mail
 c - a +0 shield
 i - a +0 cloak
 n - a scarf of spirit shield
 o - a +0 plate armour
 y - a +0 pair of gloves
Jewellery
 s - a cursed ring of teleportation (left hand)
 v - an amulet of rage (around neck)
 w - a ring of wizardry (right hand)
Wands
 t - a wand of acid (10)
 x - a wand of iceblast (8)
 B - a wand of disintegration (15)
Scrolls
 j - 5 scrolls of teleportation
Potions
 d - 3 potions of might
 g - a potion of invisibility
 h - a potion of ambrosia
 k - 3 potions of agility
 l - 3 potions of resistance
 m - a potion of cancellation
 p - 3 potions of curing
 q - a potion of heal wounds
 u - 2 potions of berserk rage {unknown}
Comestibles
 f - 13 rations
 r - 6 chunks of flesh


   Skills:
 + Level 7.0 Fighting
 + Level 9.8 Long Blades
 + Level 8.4 Armour
 + Level 8.6 Shields


You had 8 spell levels left.
You didn't know any spells.
Your spell library contained the following spells:

 Spells                   Type           Power        Failure   Level  Hunger
 Animate Skeleton         Necr           N/A          21%         1    ##.....
 Pain                     Necr           #...         21%         1    ##.....
 Regeneration             Chrm/Necr      #.........   52%         3    ####...
 Vampiric Draining        Necr           #.........   52%         3    ####...
 Animate Dead             Necr           N/A          88%         4    #####..


Dungeon Overview and Level Annotations

Branches:
Dungeon (8/15)             Temple (1/1) D:7
   Lair: D:8-11

Altars:
Ashenzari
Cheibriados
Dithmenos
Elyvilon
Fedhas
Gozag
Hepliaklqana
Kikubaaqudgha
Makhleb
Nemelex Xobeh
Okawaru
Qazlal
Ru
Sif Muna
Trog
Vehumet
Wu Jian
Xom
Yredelemnul
The Shining One

Shops:
D:7 (!


Innate Abilities, Weirdness & Mutations

You reflexively headbutt those who attack you in melee.
You have a pair of horns on your head.


Message History

The hippogriff pecks you. The hippogriff claws you.
You hit the worker ant. Your headbutt misses the worker ant.
The worker ant is moderately wounded.
The worker ant bites you.
You are poisoned.
The worker ant poisons you! The hippogriff closely misses you.
The hippogriff pecks you. The hippogriff claws you!
* * * LOW HITPOINT WARNING * * *
You barely miss the worker ant. You headbutt the worker ant!
The worker ant is almost dead.
You feel sick. The worker ant bites you.
* * * LOW HITPOINT WARNING * * *
You are more poisoned.
The worker ant poisons you! The hippogriff bites you.
* * * LOW HITPOINT WARNING * * *
The hippogriff pecks you.
* * * LOW HITPOINT WARNING * * *
The hippogriff claws you!
You die...
Your body rises from the dead as a mindless zombie.

. .## ...
#.#####
#.....##
#......#
##.#...a###
#.....H@..#
#.........#
#.........#
##.#$...###
#.?....#
###...##
##.## #.


You could see a hippogriff and a worker ant.

Vanquished Creatures
  Pikel (D:5)
  A hippogriff (D:7)
  Menkaure (D:5)
  3 slaves (D:5)
  A necrophage (D:7)
  A sky beast (D:6)
  2 phantoms
  A black bear (D:7)
  2 ogres
  A crocodile (Sewer)
  A big kobold (D:7)
  Blork the orc (D:7)
  2 bullfrogs
  2 scorpions (D:5)
  2 howler monkeys
  2 bullfrog zombies (D:5)
  A crimson imp (D:5)
  2 jellies
  4 hounds
  A centaur skeleton (D:7)
  3 orc priests
  A bullfrog skeleton (D:6)
  Natasha (thrice) (D:3)
  An iguana (D:4)
  4 orc wizards
  4 worker ants
  A worker ant zombie (D:6)
  4 gnolls (D:2)
  2 river rats (D:6)
  3 adders
  An adder skeleton (D:5)
  3 worms
  A dart slug (D:2)
  6 leopard geckos
  20 orcs
  A ball python (D:6)
  10 bats
  2 giant cockroaches (D:6)
  5 goblins
  5 hobgoblins
  2 jackals (D:7)
  4 quokkas
  4 frilled lizards
  10 kobolds
  2 leopard gecko skeletons (D:4)
  A quokka skeleton (D:3)
  7 rats
142 creatures vanquished.

Notes
Turn   | Place    | Note
-------+----------+-------------------------------------------
     0 | D:1      | funkygono the Minotaur Fighter began the quest for the Orb.
     0 | D:1      | Reached XP level 1. HP: 19/19 MP: 0/0
   165 | D:1      | Reached XP level 2. HP: 27/27 MP: 1/1
   873 | D:2      | Reached skill level 3 in Long Blades
  1025 | D:2      | Reached XP level 3. HP: 33/33 MP: 2/2
  1062 | D:2      | Reached XP level 4. HP: 9/40 MP: 3/3
  1698 | D:3      | Found a radiant altar of Vehumet.
  1749 | D:3      | Noticed Natasha
  1758 | D:3      | Killed Natasha
  1758 | D:3      | Reached skill level 4 in Long Blades
  1997 | D:3      | Found a sacrificial altar of Ru.
  2013 | D:3      | Noticed Natasha
  2026 | D:3      | Killed Natasha
  2031 | D:3      | Reached XP level 5. HP: 25/47 MP: 4/4
  2224 | D:3      | Found a blossoming altar of Fedhas.
  2325 | D:3      | Noticed Natasha
  2336 | D:3      | Killed Natasha
  2683 | D:4      | Reached skill level 5 in Long Blades
  2683 | D:4      | Reached skill level 5 in Armour
  2683 | D:4      | Reached skill level 5 in Shields
  2683 | D:4      | Reached XP level 6. HP: 50/53 MP: 5/5
  3774 | D:5      | Entered Level 5 of the Dungeon
  3813 | D:5      | Reached skill level 6 in Long Blades
  3813 | D:5      | Reached XP level 7. HP: 56/60 MP: 4/6
  3829 | D:5      | Noticed Menkaure
  3834 | D:5      | Killed Menkaure
  3834 | D:5      | Reached skill level 5 in Fighting
  4281 | D:5      | Found a sparkling altar of Nemelex Xobeh.
  4395 | D:5      | Noticed Pikel
  4410 | D:5      | Killed Pikel
  4410 | D:5      | Reached skill level 7 in Long Blades
  4410 | D:5      | Reached XP level 8. HP: 15/70 MP: 7/7
  4856 | D:5      | Reached skill level 8 in Long Blades
  5385 | D:6      | Found a glowing drain.
  5392 | Sewer    | Entered a sewer
  5598 | D:6      | Found a burning altar of Makhleb.
  5600 | D:6      | Found a shattered altar of Ashenzari.
  5899 | D:6      | Reached XP level 9. HP: 46/77 MP: 8/8
  5963 | D:6      | Found a shadowy altar of Dithmenos.
  5987 | D:6      | Reached skill level 9 in Long Blades
  6276 | D:7      | Found a staircase to the Ecumenical Temple.
  6305 | Temple   | Entered the Ecumenical Temple
  6336 | Temple   | Became a worshipper of Yredelemnul the Dark
  6654 | D:7      | Noticed Blork the orc
  6673 | D:7      | Killed Blork the orc
  6757 | D:7      | Found Xuurok's Weapon Emporium.
  6797 | D:7      | Found Zisyesef's Distillery.
  6808 | D:7      | Found an ancient bone altar of Kikubaaqudgha.
  6899 | D:7      | Found a white marble altar of Elyvilon.
  6965 | D:7      | Upgraded the game from 0.22.0-60-ga52c2fc to
                  | 0.22.1-1-ga44c0e5
  7032 | D:8      | Slain by a hippogriff

Skill      XL: |  1  2  3  4  5  6  7  8  9 |
---------------+----------------------------+-----
Fighting       | 4 5 6 7 |  7.0
Long Blades    | 3 4 5 6 7 8 9 |  9.8
Shields        | 4 5 6 7 8 |  8.6
Armour         | 4 5 7 8 |  8.4

Action                   |  1- 3 |  4- 6 |  7- 9 || total
-------------------------+-------+-------+-------++-------
Melee: Long sword        |    74 |   124 |   366 ||   564
       Headbutt          |     2 |    26 |    67 ||    95
       Unarmed           |       |       |     5 ||     5
  Use: Scroll            |     3 |     7 |     6 ||    16
  Eat: Chunk             |       |     9 |     8 ||    17
       Ration            |       |       |     1 ||     1
Armor: Scale mail        |    51 |    44 |     4 ||    99
       Plate armour      |       |       |   170 ||   170
Dodge: Dodged            |    29 |    41 |    56 ||   126
Block: Shield            |    43 |    61 |   188 ||   292
       Rpst.: Long sword |     9 |    13 |    12 ||    34
